Map: Neon Violet Square LE

Players

iPlayDefense

  • Race: Protoss Protoss
  • League: Silver
  • Spawn Location: 5:00

Jdoc - Winner!

  • Race: Zerg Zerg
  • League: Silver
  • Spawn Location: 11:00

VOD

Have the link to the VOD?

Description

Time

  • Played on: April 14, 2025, 1:27 p.m.
  • Length: 14:36
Show
View Real Time Build Order
Export as new Build Order

iPlayDefense Protoss 

Build Orders:  

Get SALT Encoding   

  1  0:00  Probe  
  12  0:05  Probe  
  14  0:20  Pylon  
  14  0:22  Probe  
  15  0:38  Probe  
  16  0:48  Assimilator, Gateway  
  16  1:02  Forge  
  16  1:05  Probe  
  17  1:17  Assimilator, Probe  
  18  1:29  Probe  
  18  1:30  Pylon  
  19  1:38  Probe  
  19  1:44  Zealot  
  19  1:46  Probe  
  23  1:58  Probe  
  23  1:59  Pylon  
  24  2:11  Zealot  
  26  2:16  Probe  
  27  2:38  Zealot  
  27  2:40  Photon Cannon  
  27  2:42  Photon Cannon  
  29  2:57  Cybernetics Core  
  29  3:03  Probe  
  29  3:05  Zealot  
  29  3:11  Probe  
  32  3:19  Probe  
  33  3:20  Pylon  
  34  3:28  Probe  
  34  3:32  Zealot  
  37  3:40  Nexus  
  37  3:53  Photon Cannon  
  37  4:05  Probe  
  38  4:17  Probe  
  38  4:19  Warp Gate  
  38  4:22  Gateway  
  39  4:29  Probe  
  40  4:35  Assimilator  
  40  4:39  Photon Cannon  
  40  4:41  Probe  
  41  4:54  Probe  
  41  4:55  Pylon, Probe  
  43  5:04  Zealot  
  43  5:06  Probe  
  43  5:07  Probe  
  47  5:18  Probe  
  47  5:19  Probe  
  47  5:21  Assimilator  
  49  5:26  Pylon  
  49  5:29  Pylon  
  49  5:30  Probe  
  49  5:31  Probe  
  49  5:33  Pylon  
  51  5:42  Probe  
  52  5:43  Probe  
  52  5:48  Stargate  
  52  5:49  Stargate  
  47  6:05  Probe  
  47  6:08  Probe  
  47  6:09  Photon Cannon  
  45  6:12  Photon Cannon  
  45  6:20  Probe  
  45  6:24  Stalker  
  48  6:26  Stargate  
  48  6:29  Stargate  
  48  6:30  Stalker  
  50  6:45  Nexus  
  50  6:50  Probe  
  50  6:54  Probe  
  52  6:58  Probe  
  52  7:06  Probe x2  
  55  7:15  Photon Cannon  
  55  7:18  Probe  
  55  7:19  Probe, Photon Cannon  
  55  7:21  Photon Cannon  
  57  7:27  Stalker  
  57  7:28  Stalker  
  61  7:30  Probe  
  61  7:31  Probe  
  61  7:33  Assimilator  
  63  7:37  Assimilator  
  63  7:42  Probe  
  63  7:43  Probe  
  65  7:49  Gateway  
  65  7:51  Gateway  
  65  7:54  Probe  
  65  7:55  Probe  
  67  8:00  Probe  
  68  8:06  Probe  
  68  8:07  Probe  
  68  8:12  Probe  
  71  8:16  Void Ray  
  71  8:17  Void Ray x3  
  71  8:18  Stalker  
  71  8:19  Stalker  
  91  8:24  Probe  
  92  8:38  Probe  
  92  8:42  Probe x2  
  95  8:54  Stalker x2  
  95  8:55  Stalker x2  
  103  9:07  Pylon  
  103  9:09  Pylon  
  103  9:11  Pylon  
  107  9:17  Void Ray  
  107  9:26  Protoss Shields Level 1  
  119  9:31  Void Ray x2  
  119  9:33  Void Ray  
  119  9:34  Pylon  
  119  9:38  Pylon  
  119  9:39  Protoss Air Weapons Level 1  
  119  9:42  Photon Cannon  
  119  9:46  Photon Cannon  
  119  9:53  Stalker x2  
  119  9:54  Stalker x2  
  127  10:00  Photon Cannon  
  127  10:22  Twilight Council  
  143  10:37  Void Ray  
  143  10:38  Void Ray x3  
  143  10:39  Photon Cannon  
  143  10:50  Nexus  
  143  11:05  Fleet Beacon  
  143  11:09  Blink  
  143  11:25  Templar Archives  
  143  11:28  Zealot x2  
  143  11:29  Zealot  
  149  11:38  Pylon  
  149  11:43  Pylon  
  149  11:48  Protoss Air Armor Level 1  
  149  11:53  Photon Cannon  
  149  11:54  Photon Cannon  
  149  11:55  Photon Cannon  
  149  11:58  Photon Cannon x2  
  134  12:30  Nexus  
  134  12:33  Pylon  
  134  12:36  Pylon  
  125  13:13  Pylon  
  125  13:15  Mothership  
  125  13:16  Pylon  
  121  13:22  Pylon  
  121  13:25  Pylon  
  93  13:28  Pylon  
  85  13:44  Pylon  
  101  13:48  Void Ray, Pylon  
  101  13:49  Void Ray x3  
  103  14:33  Nexus  
Show
View Real Time Build Order
Export as new Build Order

Jdoc Zerg - Winner!

Build Orders: 3 Hatch before Pool 

Get SALT Encoding   

  12  0:03  Drone  
  13  0:13  Overlord  
  13  0:21  Drone  
  13  0:28  Overlord  
  14  0:38  Drone x2  
  16  0:46  Drone  
  17  1:03  Drone  
  18  1:08  Drone  
  18  1:10  Hatchery  
  18  1:12  Extractor  
  17  1:19  Drone  
  18  1:25  Extractor  
  17  1:42  Drone x2  
  17  1:43  Hatchery  
  18  1:58  Spawning Pool  
  18  1:59  Drone  
  18  2:10  Drone  
  18  2:13  Drone  
  20  2:23  Drone  
  21  2:36  Drone  
  22  2:44  Drone  
  24  2:58  Drone  
  24  2:59  Drone x3  
  24  3:00  Drone  
  30  3:23  Queen, Lair  
  30  3:24  Queen  
  32  3:50  Drone  
  32  3:54  Drone  
  32  3:55  Drone x3  
  37  3:56  Drone x2  
  37  3:59  Queen  
  37  4:01  Overlord  
  41  4:06  Overlord  
  41  4:11  Overlord  
  41  4:19  Queen  
  41  4:22  Queen  
  45  4:25  Drone  
  45  4:29  Drone  
  47  4:37  Hydralisk Den  
  46  4:49  Overlord  
  46  4:51  Zergling x2, Spire  
  46  4:52  Zergling x14  
  53  5:06  Drone x2  
  55  5:09  Extractor  
  55  5:12  Extractor  
  53  5:16  Grooved Spines  
  53  5:24  Metabolic Boost  
  53  5:28  Hydralisk  
  53  5:30  Zergling x2, Hydralisk  
  53  5:31  Zergling x2, Hydralisk  
  53  5:32  Zergling x2, Hydralisk  
  53  5:34  Zergling x2  
  65  5:37  Overlord  
  65  5:40  Overlord  
  65  5:44  Overlord  
  63  6:06  Muscular Augments  
  63  6:13  Queen  
  65  6:21  Queen  
  65  6:23  Drone  
  65  6:24  Drone x2  
  70  6:25  Drone  
  70  6:26  Drone x2  
  70  6:27  Overlord  
  70  6:30  Hydralisk, Mutalisk  
  70  6:32  Zergling x2  
  78  6:33  Hydralisk, Mutalisk  
  78  6:35  Zergling x2, Mutalisk  
  78  6:38  Hydralisk  
  87  6:40  Zergling x2  
  87  6:44  Overlord  
  88  6:51  Zerg Flyer Armor Level 1  
  88  7:02  Mutalisk  
  88  7:03  Zergling x2  
  88  7:04  Zergling x2  
  92  7:10  Extractor  
  92  7:12  Drone x2, Extractor  
  92  7:14  Drone x3  
  95  7:16  Drone x3  
  98  7:30  Mutalisk  
  98  7:31  Hydralisk  
  98  7:32  Zergling x2, Mutalisk  
  98  7:34  Hydralisk  
  98  7:36  Zergling x2  
  108  7:56  Burrow, Pneumatized Carapace  
  108  7:58  Hydralisk, Mutalisk  
  108  7:59  Zergling x2  
  108  8:02  Overlord x2  
  108  8:04  Overlord  
  113  8:07  Overlord  
  113  8:25  Overlord x2  
  113  8:31  Mutalisk  
  113  8:32  Hydralisk  
  113  8:33  Zergling x2  
  113  8:34  Mutalisk  
  118  8:35  Hydralisk  
  118  8:36  Zergling x2  
  118  8:37  Mutalisk  
  118  8:41  Hydralisk  
  125  8:43  Zergling x2  
  125  8:45  Zerg Flyer Weapons Level 1  
  125  8:47  Overlord  
  128  8:50  Overlord  
  128  8:54  Mutalisk  
  130  8:57  Hydralisk  
  130  9:00  Zergling x2  
  133  9:03  Mutalisk  
  133  9:07  Hydralisk  
  133  9:09  Zergling x2  
  138  9:33  Mutalisk  
  138  9:34  Zergling x2, Hydralisk  
  138  9:36  Hydralisk, Mutalisk  
  138  9:37  Zergling x2, Hydralisk, Mutalisk  
  138  9:38  Zergling x2  
  153  10:20  Hydralisk, Mutalisk  
  158  10:21  Zergling x2, Mutalisk  
  158  10:22  Mutalisk, Hydralisk  
  158  10:23  Zergling x2, Hydralisk  
  158  10:24  Zergling x2, Hydralisk, Mutalisk  
  158  10:25  Zergling x2, Mutalisk  
  158  10:26  Hydralisk  
  158  10:27  Zergling x2  
  178  10:29  Overlord x2  
  178  10:34  Overlord  
  178  10:36  Overseer  
  178  10:56  Hydralisk, Mutalisk  
  182  10:57  Zergling x2, Hydralisk, Mutalisk  
  182  10:58  Zergling x2  
  182  10:59  Mutalisk  
  182  11:00  Zergling x2  
  191  11:04  Hydralisk  
  192  11:40  Extractor  
  113  13:44  Queen  
  115  13:56  Drone x3  
  115  13:57  Drone x4  
  115  13:58  Drone, Hatchery  
  115  14:01  Extractor, Mutalisk x5  
Tags
 
Add a new tag
Caveats
  • Supply blocks, unpowered buildings, or Contaminate may cause inaccurate times.
  • Supply counts are checked every 10 seconds.